 Dungeon Crawl Stone Soup version 0.30.0 (webtiles) character file.

Game seed: 14095216012398137622

987821 JaredAshtonScott the Annihilator (level 27, -3/144 HPs)
             Began as a Gargoyle Earth Elementalist on May 27, 2023.
             Was the Champion of Vehumet.
             Splashed by a caustic shrike's acid (4 damage)
             ... in the Vestibule of Hell.
             The game lasted 04:22:24 (104231 turns).

JaredAshtonScott the Annihilator (GrEE)           Turns: 104231, Time: 04:22:26

Health: -3/144     AC: 40    Str:  9      XL:     27
Magic:  2/62       EV: 11    Int: 45 (47) God:    Vehumet [******]
Gold:   4062       SH: 33    Dex:  9 (11) Spells: 36/79 levels left

rFire   + + .        E - staff of cold "Letic" {rF++ rC+ Stlth+}
rCold   + . .        g - +18 shield of the Gong {Loud rN+ Will+ rCorr EV-5}
rNeg    + + .        T - +2 robe {Archmagi}
rPois   ∞            D - +2 helmet {Int+3}
rElec   +            Q - +2 cloak {Stlth+}
rCorr   +            P - +1 pair of gloves of Brilliance {Int+4}
SInv    .            o - +2 pair of boots {rampage}
Will    ++++.        F - amulet "Wykaj" {RegenMP Will+ Int+4 Dex+2}
Stlth   ++++++++++   Y - ring "Maga" {MP+9 Int+4}
HPRegen 0.44/turn    f - ring of the Mage {Wiz Archmagi}
MPRegen 0.78/turn

%: rampage, wizardry (x1), archmagi
@: flying, unable to drink
A: sickness immunity, AC +20, big wings, negative energy resistance 1,
electricity resistance, torment resistance 1, petrification resistance, clever
1, deformed body, deterioration 1, frail 2, weak 2, no potion heal 2, subdued
magic 1, inability to drink after injury 2, inability to read after injury 1,
MP-powered wands
}: 11/15 runes: serpentine, barnacled, slimy, silver, icy, abyssal, demonic,
glowing, magical, fiery, dark
a: Renounce Religion


You were in the Vestibule of Hell.
You worshipped Vehumet.
Vehumet was exalted by your worship.
You visited 15 branches of the dungeon, and saw 69 of its levels.
You visited Pandemonium 2 times, and saw 12 of its levels.
You visited the Abyss 4 times.
You visited 1 bazaar.
You also visited: Trove, Sewer, Bailey, Volcano and Desolation.

You collected 8347 gold pieces.
You spent 4285 gold pieces at shops.

Inventory:

Hand Weapons
 b - a +1 demon trident of electrocution
Armour
 d - the +2 hat of Claustrophobia {rF+ rCorr Str+5}
   (You found it in a treasure trove)

   Str:       It affects your strength (+5).
   rF:        It protects you from fire.
   rCorr:     It protects you from acid and corrosion.
 e - the +1 hat of Anitirott {rC- Will+++ Dex+3}
   (You found it in a treasure trove)

   Dex:       It affects your dexterity (+3).
   rC:        It makes you vulnerable to cold.
   Will:      It greatly increases your willpower.
 g - the +18 shield of the Gong (worn) {Loud rN+ Will+ rCorr EV-5}
   (You found it on level 3 of the Elven Halls)

   Loud:      It is deafeningly noisy when blocking attacks.
   EV:        It affects your evasion (-5).
   rN:        It protects you from negative energy.
   rCorr:     It protects you from acid and corrosion.
   Will:      It increases your willpower.
 l - +0 gold dragon scales
 o - a +2 pair of boots of rampaging (worn)
 r - the +2 helmet of Resourcefulness {Regen+ Str-3 Stlth+}
   (You bought it in a shop in a bazaar)

   Str:       It affects your strength (-3).
   Regen:     It increases your rate of health regeneration.
   Stlth:     It makes you more stealthy.
 D - a +2 helmet of intelligence (worn)
 N - a +2 pair of gloves of strength
 P - the +1 pair of gloves of Brilliance (worn) {Int+4}
   (You found it on level 2 of the Realm of Zot)

   Int:       It affects your intelligence (+4).
 Q - a +2 cloak of stealth (worn)
 T - a +2 robe of the Archmagi (worn)
 U - a +4 ring mail of cold resistance
 X - +6 acid dragon scales
Magical Staves
 n - the staff of conjuration "Cyifeon" {rF+ rN+ Dex+3}
   (You found it on level 3 of the Dungeon)

   [staff of conjuration]

   Base accuracy: +5 Base damage: 5 Base attack delay: 1.2 This weapon's minimum
   attack delay (0.6) is reached at skill level 12.
   Dex:       It affects your dexterity (+3).
   rF:        It protects you from fire.
   rN:        It protects you from negative energy.
   It falls into the 'Staves' category.
   It is a one-handed weapon.
 E - the staff of cold "Letic" (weapon) {rF++ rC+ Stlth+}
   (You found it on level 3 of the Elven Halls)

   [staff of cold]

   Base accuracy: +5 Base damage: 5 Base attack delay: 1.2 This weapon's minimum
   attack delay (0.6) is reached at skill level 12.
   rF:        It greatly protects you from fire.
   rC:        It protects you from cold.
   Stlth:     It makes you more stealthy.
   It falls into the 'Staves' category.
   It is a one-handed weapon.
Jewellery
 f - the ring of the Mage (right hand) {Wiz Archmagi}
   (You found it on level 5 of the Vaults)

   [ring of wizardry]

   It improves your spell success rate.
   Archmagi:  It increases the power of your magical spells.
 s - the ring of Goproogh {Ice rN+ Will+ Int+4}
   (You found it in a treasure trove)

   [ring of ice]

   It enhances your ice magic.
   Int:       It affects your intelligence (+4).
   rF:        It makes you vulnerable to fire.
   rC:        It protects you from cold.
   rN:        It protects you from negative energy.
   Will:      It increases your willpower.
 t - the ring of Uxtyo {rN++ EV+5 Dex+3}
   (You found it in a treasure trove)

   [ring of evasion]

   EV:        It affects your evasion (+5).
   Dex:       It affects your dexterity (+3).
   rN:        It greatly protects you from negative energy.
 F - the amulet "Wykaj" (around neck) {RegenMP Will+ Int+4 Dex+2}
   (You bought it in a shop on level 5 of the Dungeon)

   [amulet of magic regeneration]

   It increases your rate of magic regeneration.
   Int:       It affects your intelligence (+4).
   Dex:       It affects your dexterity (+2).
   Will:      It increases your willpower.
 G - the ring of Shadows {Umbra +Inv Stlth+}
   (You found it on level 1 of the Shoals)

   [ring of stealth]

   Umbra:     It surrounds you with an aura of shadow, increasing your stealth
   and reducing the accuracy of all others within it.
   +Inv:      It lets you turn invisible.
   Stlth:     It makes you more stealthy.
 M - the ring "Damnable Contraption" {rCorr AC+4}
   (You found it in the Desolation of Salt)

   [ring of protection]

   AC:        It affects your AC (+4).
   rCorr:     It protects you from acid and corrosion.
 R - the ring of the Ban {Ice rElec Will+ Int+3}
   (You took it off Josephina on level 3 of the Depths)

   [ring of ice]

   It enhances your ice magic.
   Int:       It affects your intelligence (+3).
   rF:        It makes you vulnerable to fire.
   rC:        It protects you from cold.
   rElec:     It insulates you from electricity.
   Will:      It increases your willpower.
 W - the ring "Poseimit" {Contam +Blink Fly Int+4 SInv}
   (You took it off a deep elf blademaster on level 3 of the Elven Halls)

   [ring of see invisible]

   Int:       It affects your intelligence (+4).
   SInv:      It lets you see invisible.
   Fly:       It grants you flight.
   +Blink:    It lets you blink.
   Contam:    It causes magical contamination when unequipped.
 Y - the ring "Maga" (left hand) {MP+9 Int+4}
   (You found it in the Desolation of Salt)

   [ring of magical power]

   Int:       It affects your intelligence (+4).
   MP:        It affects your magic capacity (+9).
 Z - the ring "Suntu" {rN++ Will- Int+2 SInv}
   (You took it off a spriggan berserker on level 3 of the Depths)

   [ring of see invisible]

   Int:       It affects your intelligence (+2).
   rN:        It greatly protects you from negative energy.
   SInv:      It lets you see invisible.
   Will:      It decreases your willpower.
Wands
 h - a wand of digging (35)
 i - a wand of quicksilver (5)
 v - a wand of flame (7)
 B - a wand of charming (3)
 L - a wand of mindburst (9)
Scrolls
 j - 2 scrolls of magic mapping
 p - 19 scrolls of teleportation
 u - 9 scrolls of fear
 y - 8 scrolls of fog
 z - a scroll of enchant weapon
 A - 4 scrolls of silence
 C - 6 scrolls of amnesia
 I - 9 scrolls of blinking
 O - 5 scrolls of enchant armour
Potions
 a - a potion of magic
 k - 2 potions of resistance
 m - 9 potions of haste
 q - 10 potions of heal wounds
 w - a potion of brilliance
 x - 19 potions of curing
 H - 3 potions of might
 K - 8 potions of invisibility
 V - 6 potions of cancellation
Miscellaneous
 c - the horn of Geryon (inert)


   Skills:
 + Level 20.7 Fighting
 + Level 20.6 Armour
 + Level 15.4 Dodging
 + Level 22.3 Stealth
 - Level 23.0 Shields
 * Level 26.9 Spellcasting
 O Level 27 Conjurations
 - Level 2.0 Transmutations
 + Level 26.9 Earth Magic


You had 36 spell levels left.
You knew the following spells:

 Your Spells              Type           Power      Damage    Failure   Level
a - Lehudib's Crystal Sp  Conj/Erth      88%        10d19     0%          8
b - Passwall              Tmut/Erth      100%       N/A       0%          2
d - Iskenderun's Battles  Conj           100%       2d15      0%          5
e - Leda's Liquefaction   Hex/Erth       71%        N/A       0%          4
f - Lee's Rapid Deconstr  Erth           88%        3d39*     0%          5
g - Petrify               Tmut/Erth      100%       N/A       0%          4
h - Shatter               Erth           88%        3d63*     1%          9
i - Iron Shot             Conj/Erth      88%        9d16      0%          6

Your spell library contained the following spells:

 Spells                   Type           Power      Damage    Failure   Level
 Maxwell's Capacitive Co  Air            40%        ∞         78%         8
 Foxfire                  Conj/Fire      100%       2x1d9     0%          1
 Kiss of Death            Conj/Necr      100%       2d13      0%          1
 Magic Dart               Conj           100%       1d8       0%          1
 Sandblast                Erth           100%       2d20      0%          1
 Shock                    Conj/Air       100%       1d9       0%          1
 Momentum Strike          Conj/Tloc      100%       3d10      0%          2
 Searing Ray              Conj           100%       2d8       0%          2
 Static Discharge         Conj/Air       100%       2-7/arc   0%          2
 Dazzling Flash           Conj/Hex       100%       N/A       0%          3
 Hailstorm                Conj/Ice       100%       3d20      0%          3
 Mephitic Cloud           Conj/Pois/Air  100%       N/A       0%          3
 Stone Arrow              Conj/Erth      100%       3d13      0%          3
 Flame Wave               Conj/Fire      100%       2d21      0%          4
 Fulminant Prism          Conj/Hex       71%        3d30      0%          4
 Sticky Flame             Conj/Fire      100%       2d11      0%          4
 Borgnjor's Vile Clutch   Necr/Erth      71%        N/A       0%          5
 Fireball                 Conj/Fire      71%        3d27      0%          5
 Irradiate                Conj/Tmut      73%        3d36      0%          5
 Orb of Destruction       Conj           88%        9d19      0%          7
 Freeze                   Ice            100%       1d10      1%          1
 Slow                     Hex            100%       N/A       1%          1
 Sting                    Tmut/Pois      100%       1d8       1%          1
 Blink                    Tloc           100%       N/A       1%          2
 Call Imp                 Summ           100%       N/A       1%          2
 Ensorcelled Hibernation  Hex/Ice        100%       N/A       1%          2
 Lesser Beckoning         Tloc           100%       N/A       1%          2
 Poisonous Vapours        Pois/Air       100%       N/A       1%          2
 Scorch                   Fire           100%       2d9       1%          2
 Call Canine Familiar     Summ           81%        N/A       1%          3
 Confusing Touch          Hex            81%        N/A       1%          3
 Frozen Ramparts          Ice            100%       1d16      1%          3
 Gell's Gravitas          Tloc           81%        N/A       1%          3
 Ignite Poison            Fire/Tmut/Pois 86%        N/A       1%          3
 Ozocubu's Armour         Ice            100%       N/A       1%          3
 Portal Projectile        Hex/Tloc       100%       N/A       1%          3
 Spider Form              Tmut/Pois      88%        N/A       1%          3
 Summon Guardian Golem    Hex/Summ       81%        N/A       1%          3
 Swiftness                Air            81%        N/A       1%          3
 Teleport Other           Tloc           81%        N/A       1%          3
 Tukima's Dance           Hex            81%        N/A       1%          3
 Vampiric Draining        Necr           81%        2d11      1%          3
 Volatile Blastmotes      Fire/Tloc      100%       2d18      1%          3
 Airstrike                Air            40%        2d(6-22)  1%          4
 Anguish                  Hex/Necr       40%        N/A       1%          4
 Dispel Undead            Necr           81%        3d26      1%          4
 Ice Form                 Ice/Tmut       100%       N/A       1%          4
 Olgreb's Toxic Radiance  Pois           81%        N/A       1%          4
 Passage of Golubria      Tloc           81%        N/A       1%          4
 Summon Ice Beast         Ice/Summ       100%       N/A       1%          4
 Freezing Cloud           Conj/Ice/Air   76%        6-21      1%          5
 Yara's Violent Unravell  Hex/Tmut       44%        3d17      1%          5
 Conjure Ball Lightning   Conj/Air       71%        3x3d26    1%          6
 Starburst                Conj/Fire      71%        6d18      1%          6
 Spellforged Servitor     Conj/Summ      71%        N/A       1%          7
 Agony                    Necr           81%        N/A       2%          5
 Metabolic Englaciation   Hex/Ice        51%        N/A       2%          5
 Silence                  Hex/Air        40%        N/A       2%          5
 Summon Forest            Summ/Tloc      40%        N/A       2%          5
 Summon Mana Viper        Hex/Summ       81%        N/A       2%          5
 Plasma Beam              Fire/Air       40%        2x1d59    4%          6
 Chain Lightning          Conj/Air       71%        3d95      12%         9
 Fire Storm               Conj/Fire      71%        8d18      12%         9
 Death Channel            Necr           40%        N/A       16%         6
 Dispersal                Tloc           40%        N/A       16%         6
 Simulacrum               Ice/Necr       51%        N/A       16%         6
 Summon Cactus Giant      Summ           40%        N/A       16%         6
 Ozocubu's Refrigeration  Ice            51%        4d18      22%         7
 Storm Form               Tmut/Air       44%        N/A       45%         7
 Malign Gateway           Summ/Tloc      40%        N/A       63%         7
 Ignition                 Fire           40%        3d12      78%         8
 Discord                  Hex            40%        N/A       99%         8
 Disjunction              Tloc           40%        N/A       99%         8
 Infestation              Necr           40%        N/A       99%         8
 Summon Horrible Things   Summ           40%        N/A       99%         8
 Polar Vortex             Ice            51%        N/A       99%         9
 Statue Form              Tmut/Erth      Unusable   N/A       N/A         6

Dungeon Overview and Level Annotations

Branches:
Dungeon (15/15)            Temple (1/1) D:4            Lair (5/5) D:10
 Shoals (4/4) Lair:3        Snake (4/4) Lair:2        Slime (5/5) Lair:5
    Orc (2/2) D:11            Elf (3/3) Orc:2        Vaults (5/5) D:13
  Crypt (0/3) Vaults:3     Depths (4/4) D:15           Hell (1/1)
    Dis (7/7) Hell            Coc (7/7) Hell            Tar (1/7) Hell
    Zot (5/5) Depths:4      Sewer (visited)          Bailey (visited)
Volcano (visited)         Desolation (visited)
    Geh: Hell:1

Altars:
Ashenzari
Cheibriados
Elyvilon
Gozag
Hepliaklqana
Kikubaaqudgha
Makhleb
Nemelex Xobeh
Okawaru
Qazlal
Ru
Sif Muna
Trog
Uskayaw
Vehumet
Wu Jian
Yredelemnul
Zin
Jiyva

Shops:
D:5 =   D:8 (   D:14 (   D:15 :   Orc:2 !*!:   Elf:2 [   Shoals:4 :   Snake:3 *
Snake:4 ?   Vaults:4 [   Depths:2 *   Depths:4 :

Portals:
Hell: Depths:1 Depths:2 Depths:3 Depths:4
Abyss: Snake:4 Depths:1 Depths:3 Depths:4
Pandemonium: Depths:1 Depths:2
Ziggurat: Depths:3

Annotations:
Zot:2 3 runed translucent doors


Innate Abilities, Weirdness & Mutations

You are immune to sickness and miasma.
Your stone body is resilient. (AC +20)
You are immune to poison.
Your large and strong wings let you fly.
You resist negative energy. (rN+)
You are resistant to electric shocks. (rElec)
You are resistant to unholy torment.
You are immune to petrification.
Your mind is acute. (Int +4, Str/Dex -1)
Armour fits poorly on your strangely shaped body.
Your body sometimes deteriorates upon taking damage.
You are very frail. (-20% HP)
You are very weak. (Str -4)
Potions cannot restore your health.
Your spells are a little easier to cast, but a little less powerful.
You sometimes lose the ability to drink potions when taking damage.
You occasionally lose the ability to read scrolls when taking damage.
You expend magic power (3 MP) to strengthen your wands.


Message History

Aim: a caustic shrike (severely wounded, 43% to hit)
You feel a surge of power!
The bolt of dispelling energy hits the caustic shrike!
The caustic shrike is almost dead.
You block the caustic shrike's attack.
GONNNNG!
A smoke demon comes into view.
You block the caustic shrike's attack.
PANG!
The smoke demon roars!
You hear an angry squeal.
Aiming: Quicksilver Bolt
Press: ? - help, Shift-Dir - straight line, f/p - caustic shrike
Aim: a caustic shrike (severely wounded, 43% to hit)
You feel a slight surge of power.
The bolt of dispelling energy hits the caustic shrike!
The caustic shrike is almost dead.
You block the caustic shrike's attack.
GONNNNG!
The smoke demon gestures at you. Something smites you!
* * * LOW HITPOINT WARNING * * *
You block the caustic shrike's attack.
BOUMMMMG!
Aiming: Quicksilver Bolt
Press: ? - help, Shift-Dir - straight line, f/p - caustic shrike
Aim: a caustic shrike (almost dead, 43% to hit)
The bolt of dispelling energy hits the caustic shrike!
The caustic shrike is almost dead.
You block the caustic shrike's attack.
GONNNNG!
The caustic shrike claws you but does no damage.
You cannot drink potions in your current state!
Okay, then.
Okay, then.
You produce a hideous howling noise!
You block the caustic shrike's attack.
GONNNNG!
The caustic shrike claws you!
* * * LOW HITPOINT WARNING * * *
You are splashed with acid.
You resist.
You die...

## #.#
####.######..#####
.................#
.................#
.................#
.....#..^....#...###
........2.......##.#
.......@.......##.##
^#.......b÷...3^.#.##
#......#..........##
#...............##
#..#...)......##
##...........#.
###...#...#..#..
#..............#
#....#..)..#..###


You could see a caustic shrike, a hell beast (summoned) and a smoke demon.

Vanquished Creatures
  Cerebov (Pan)
  Antaeus (Coc:7)
  Gloorx Vloq (Pan)
  the Royal Jelly (Slime:5)
  Lom Lobon (Pan)
  Mnoleg (Pan)
  7 dread liches
  6 ancient liches
  6 orbs of fire (Zot:5)
  The ghost of Jofris Vesimp the Sniper, a legendary GnFE of Sif Muna (Zot:2)
  The ghost of Muataran the Slayer, a veteran MiMo of Yredelemnul (Zot:2)
  A juggernaut (Depths:2)
  Sojobo (Vaults:2)
  Boris (twice) (Depths:3 Depths:4)
  Josephina (Depths:3)
  Vv (Depths:3)
  4 Killer Klowns
  15 shard shrikes
  Saint Roka (Depths:3)
  3 curse toes
  2 pandemonium lords (Pan)
  17 caustic shrikes
  13 golden dragons
  Geryon (Hell)
  A profane servitor (Abyss:3)
  5 bone dragons
  3 electric golems
  A hellephant (Snake:4)
  A doom hound (Tar:1)
  3 Tzitzimimeh
  4 iron giants
  4 liches
  Asterion (Snake:1)
  Jorgrun (Orc:2)
  21 Hell Sentinels
  2 walking earthen tomes
  27 Ice Fiends
  25 Orb Guardians (Zot:5)
  8 titans
  A walking frostbound tome (Depths:4)
  19 acid blobs
  19 tentacled monstrosities
  3 deep elf blademasters (Elf:3)
  3 deep elf master archers (Elf:3)
  A kraken (Shoals:1)
  The ghost of Mango the Warrior, an adept FoGl of Hepliaklqana (Shoals:1)
  An eldritch tentacle (Pan)
  14 quicksilver dragons
  2 walking divine tomes (Depths:4)
  8 tentacled starspawn
  5 death cobs
  5 sphinxes
  11 tengu reavers
  13 ancient champions
  The ghost of Sagen the Devastator, an adept DrCj of Vehumet (Snake:4)
  The ghost of Kaerusk the Unseen, an adept KoBe of Trog (Shoals:1)
  18 Executioners
  14 storm dragons
  10 draconian monks
  16 shadow dragons
  A revenant (Hell)
  2 nagarajas
  4 demonspawn warmongers (Pan)
  An azure jelly (shapeshifter) (D:15)
  12 azure jellies
  13 draconian knights
  10 rockslimes
  8 frost giants
  14 fire giants
  9 vault wardens
  6 quicksilver elementals
  6 narguns
  The ghost of Wecaes the Arsonist, a journeyman HOFE of Okawaru (Shoals:1)
  The ghost of Wecaes the Arsonist, a journeyman HOFE of Okawaru (Shoals:1)
  8 iron dragons
  4 imperial myrmidons (Desolation)
  Louise (Depths:4)
  The ghost of cpf86 the Spry, a journeyman DjFE of Makhleb (Shoals:1)
  5 deep elf sorcerers (Elf:3)
  5 draconian scorchers
  The ghost of Ciageutz the Thaumaturge, a journeyman GnHW of Sif Muna (Snake:2)
  A spectral caustic shrike (Tar:1)
  A ghoul (Vaults:3)
  2 curse skulls (Pan)
  17 balrugs
  7 reapers
  17 ironbound preservers
  11 shard shrike simulacra
  3 ghost moths
  22 stone giants
  7 deep elf elementalists (Elf:3)
  4 spriggan defenders
  3 draconian stormcallers
  7 draconian shifters
  21 cacodemons
  An orc warlord (Vaults:4)
  9 draconian annihilators
  24 war gargoyles
  4 demonspawn corrupters (Pan)
  22 very ugly things
  An ophan (Abyss:3)
  A caustic shrike skeleton (Pan)
  3 demonspawn blood saints (Pan)
  A putrid mouth (Tar:1)
  12 quicksilver oozes
  11 ironbound thunderhulks
  5 demonspawn black suns (Pan)
  37 elemental wellsprings
  2 deep elf demonologists
  3 vampire knights
  17 black draconians
  10 green draconians
  8 lorocyprocas (Pan)
  7 dire elephants
  12 wendigos
  11 white draconians
  A minotaur (Lair:1)
  12 purple draconians
  10 spark wasps
  6 green deaths (Pan)
  14 yellow draconians
  11 deep elf annihilators
  18 red draconians
  A bunyip (shapeshifter) (Elf:3)
  2 deep elf death magi
  14 blizzard demons
  A crystal guardian (Desolation)
  12 ettins
  5 merfolk impalers
  3 merfolk javelineers
  An entropy weaver (Vaults:1)
  18 iron golems
  2 jiangshi (Depths:1)
  12 fire dragons
  8 yaktaur captains
  7 great orbs of eyes
  A kraken zombie (Hell)
  5 ragged hierophants (Desolation)
  5 deep elf high priests
  7 rakshasas
  3 salamander tyrants
  14 caustic shrike simulacra
  11 hydras
  5 servants of whispers (Desolation)
  6 spriggan air magi
  25 vault guards
  6 ice dragons
  8 juggernaut simulacra
  5 merfolk avatars
  13 peacekeepers
  4 boulder beetles
  7 ironbound frosthearts
  2 hell beasts (Depths:3)
  An alligator snapping turtle (Shoals:1)
  A fenstrider witch skeleton (Pan)
  2 spriggan skeletons (Pan)
  2 catoblepae
  A two-headed ogre (shapeshifter) (Vaults:5)
  6 centaur warriors
  2 merfolk aquamancers
  7 two-headed ogres
  37 dancing weapons
  4 satyrs
  8 naga warriors
  8 anacondas
  The ghost of MuseOD the Basher, a journeyman GrFi of Okawaru (Lair:1)
  A boulder beetle (shapeshifter) (Vaults:5)
  10 tengu warriors
  8 death yaks
  2 hell hogs (Hell)
  3 vampire magi
  5 deep troll shamans
  7 naga sharpshooters
  9 deep troll earth magi
  A thrashing horror (Abyss:2)
  5 orc high priests
  5 shock serpents
  17 spriggan berserkers
  12 soul eaters
  27 deep elf knights
  A titan zombie (Vaults:3)
  10 crystal echidnas
  Sonja (Lair:4)
  39 sun demons
  3 wretched stars
  10 spriggans
  A storm dragon skeleton (Pan)
  4 salamander mystics
  19 sixfirhies
  5 hell knights
  6 shadow wraiths
  2 skysharks (Lair:5)
  A spatial maelstrom (Abyss:3)
  9 iron trolls
  A flayed ghost (Vaults:5)
  A goliath frog (shapeshifter) (Vaults:5)
  20 sea snakes
  An anaconda zombie (Hell)
  A deep troll (shapeshifter) (Elf:2)
  6 glowing orange brains
  An orange crystal statue (Depths:3)
  Pikel (D:4)
  A golden dragon zombie (Depths:3)
  3 quicksilver dragon simulacra
  A tengu zombie (Depths:3)
  50 deep trolls
  5 spriggan simulacra
  21 deep elf archers
  3 naga ritualists
  10 shadow demons
  An anaconda skeleton (Hell)
  5 necromancers
  17 wizards
  2 sphinx zombies
  8 phantasmal warriors
  29 deep elf zephyrmancers
  5 orc knights
  42 deep elf pyromancers
  35 harpies
  18 ironbound convokers
  3 lindwurms
  4 mana vipers
  A tengu skeleton (Depths:2)
  An iron dragon zombie (Depths:2)
  A shadow dragon skeleton (Pan)
  A wolf spider (shapeshifter) (Vaults:5)
  2 human zombies
  2 shining eyes
  A fire giant zombie (Vaults:3)
  9 cyclopes
  4 orc sorcerers
  7 draconians (Abyss:3)
  33 ugly things
  11 salamanders
  A spectral ettin (Tar:1)
  14 manticores
  An iron dragon skeleton (Pan)
  A spectral shock serpent (Snake:2)
  19 elephants
  Joseph (Lair:1)
  16 fauns
  3 naga magi
  5 ice statues (Pan)
  2 stone giant skeletons (Pan)
  26 moths of wrath
  12 guardian serpents
  A frost giant skeleton (Depths:2)
  4 eyes of devastation
  7 demonic crawlers
  A fire giant skeleton (Depths:2)
  27 smoke demons
  A water nymph (shapeshifter) (Elf:3)
  4 merfolk sirens
  98 slime creatures
  2 apocalypse crabs
  5 rust devils
  16 vault sentinels
  8 water nymphs
  2 molten gargoyles (Hell)
  23 black mambas
  4 gargoyles
  5 titan simulacra
  3 torpor snails
  2 dire elephant skeletons (Pan)
  3 centaur skeletons (Pan)
  10 cane toads
  A rime drake (Lair:5)
  A cane toad (shapeshifter) (Vaults:5)
  25 orange demons
  Maggie (D:9)
  8 yaktaurs
  A kobold demonologist (D:7)
  11 hellions
  7 freezing wraiths
  4 unseen horrors
  5 tengu conjurers
  20 tormentors
  6 efreet
  A sea snake zombie (Hell)
  An ancient zyme (Abyss:2)
  A bunyip simulacrum (Coc:1)
  6 komodo dragons
  A hydra zombie (Hell)
  7 anaconda simulacra
  17 ice devils
  4 red devils
  4 golden dragon simulacra
  An iron giant simulacrum (Coc:7)
  14 hellwings
  6 trolls
  A meliai (D:13)
  4 polar bears
  A wind drake (shapeshifter) (D:15)
  14 merfolk
  Grinder (D:4)
  A tarantella (shapeshifter) (Abyss:2)
  A sphinx simulacrum (Depths:3)
  5 wind drakes
  13 hornets
  2 harpy skeletons (Pan)
  An alligator zombie (Hell)
  A dream sheep (shapeshifter) (Vaults:5)
  4 raiju
  A snapping turtle (shapeshifter) (Vaults:5)
  11 dream sheep
  50 saltlings (Desolation)
  3 iron dragon simulacra
  3 snapping turtles
  A hydra skeleton (Hell)
  A spectral black mamba (Snake:2)
  27 blink frogs
  A human simulacrum (Vaults:3)
  3 shadows
  4 wraiths
  A shock serpent simulacrum (Snake:2)
  88 yaks
  2 air elementals
  15 ynoxinuls
  12 water elementals
  A vampire (D:12)
  24 fire elementals
  6 wyverns
  6 dire elephant simulacra
  23 golden eyes
  29 large abominations
  6 starcursed masses
  An alligator snapping turtle simulacrum (Coc:3)
  4 humans (D:9)
  22 chaos spawn
  18 neqoxecs
  3 vampire mosquitoes
  6 basilisks
  Grum (D:8)
  2 wargs (D:14)
  2 spatial vortices (Abyss:3)
  12 harpy simulacra
  A swamp worm (shapeshifter) (Depths:3)
  2 acid dragons
  31 nagas
  19 water moccasins
  4 hydra simulacra
  6 hell hounds (Abyss:3)
  2 swamp worms (D:7)
  A floating eye (Depths:2)
  A glowing shapeshifter zombie (Depths:2)
  35 orc warriors
  2 ice beasts
  3 naga skeletons (Pan)
  5 ettin simulacra
  A sky beast (D:5)
  A black bear (D:7)
  2 black mamba simulacra (Snake:2)
  An alligator simulacrum (Hell)
  10 centaurs
  3 boggarts (D:15)
  19 wolves
  6 ogres
  11 kobold brigands
  15 bullfrogs
  A glowing shapeshifter simulacrum (Depths:3)
  6 gnoll sergeants
  3 scorpions
  5 earth elementals
  15 wights
  6 killer bees
  2 electric eels (Snake:2)
  6 howler monkeys
  4 crimson imps (Pan)
  4 quasits
  A salamander simulacrum (Snake:2)
  5 hounds
  35 orc priests
  3 jellies
  Crazy Yiuf (D:4)
  3 iguanas
  2 iron imps (Abyss:3)
  Ijyb (D:3)
  A sleepcap (D:7)
  21 orc wizards
  4 hell rats (Hell)
  8 small abominations
  Robin (D:2)
  9 adders
  11 gnolls
  3 naga simulacra
  A river rat (Sewer)
  3 shadow imps
  4 white imps
  3 ufetubi
  5 worms
  3 dart slugs
  85 orcs
  4 bats
  13 endoplasms
  10 giant cockroaches
  17 goblins
  11 hobgoblins
  7 jackals
  34 kobolds
  3 quokkas
  5 ball pythons
  2 frilled lizards
  13 rats
  4 ball lightnings (Pan)
  2 fire vortices (Pan)
  A lurking horror (Snake:4)
  4 starspawn tentacles (Abyss:3)
  6 tentacles
3255 creatures vanquished.

Vanquished Creatures (collateral kills)
  A crystal guardian (Desolation)
  A yaktaur captain (Vaults:3)
  A servant of whispers (Desolation)
  5 saltlings (Desolation)
8 creatures vanquished.

Vanquished Creatures (others)
  2 eldritch tentacles (Pan)
  A draconian knight (Zot:2)
  A reaper (Pan)
  A draconian annihilator (Pan)
  A quicksilver dragon zombie (Abyss:2)
  A soul eater (Pan)
  A sun demon (Pan)
  A spriggan simulacrum (Coc:7)
  A spectral shock serpent (Snake:2)
  An ancient zyme (Abyss:3)
  A saltling (Desolation)
  2 raiju (Abyss:2)
  6 golden eyes (Abyss:2)
  A chaos spawn (Pan)
  A large abomination (Abyss:3)
  A human (D:9)
  2 small abominations (Abyss:2)
  2 jellies (Abyss:2)
  An ufetubus (Abyss:2)
  11 ball lightnings (Pan)
  3 bushes
  3 demonic plants (D:10)
  A fire vortex (Pan)
  92 fungi
  287 plants
  12 starspawn tentacles
  8 tentacles
  A withered plant (Shoals:2)
446 creatures vanquished.

Grand Total: 3709 creatures vanquished

Notes
Turn   | Place    | Note
-------+----------+-------------------------------------------
     0 | D:1      | JaredAshtonScott the Gargoyle Earth Elementalist began the
                  | quest for the Orb.
     0 | D:1      | Reached XP level 1. HP: 10/10 MP: 3/3
   175 | D:1      | Reached XP level 2. HP: 15/15 MP: 3/5
   207 | D:1      | Learned a level 2 spell: Passwall
  1223 | D:2      | Reached XP level 3. HP: 19/19 MP: 7/7
  1227 | D:2      | Learned a level 3 spell: Stone Arrow
  1382 | D:2      | Noticed Robin
  1389 | D:2      | Killed Robin
  1390 | D:2      | Reached skill level 1 in Conjurations
  1398 | D:2      | Reached XP level 4. HP: 22/24 MP: 5/8
  2255 | D:3      | Found a shimmering blue altar of Sif Muna.
  2279 | D:3      | Reached skill level 2 in Conjurations
  2416 | D:3      | Reached XP level 5. HP: 19/28 MP: 9/9
  2421 | D:3      | Found a glowing drain.
  2448 | Sewer    | Entered a sewer
  2601 | Sewer    | Noticed a kobold brigand
  2606 | Sewer    | Killed a kobold brigand
  2607 | Sewer    | Reached skill level 3 in Conjurations
  2607 | Sewer    | Reached skill level 5 in Earth Magic
  2686 | Sewer    | Noticed a kobold brigand
  2695 | Sewer    | Killed a kobold brigand
  2696 | Sewer    | Reached XP level 6. HP: 32/32 MP: 11/11
  2776 | Sewer    | Reached skill level 4 in Conjurations
  2854 | Sewer    | Gained mutation: Your body sometimes deteriorates upon
                  | taking damage. [potion of mutation]
  2854 | Sewer    | Gained mutation: You have a pair of small horns on your
                  | head. [potion of mutation]
  2854 | Sewer    | Gained mutation: You have supernaturally acute eyesight.
                  | (SInv) [potion of mutation]
  3002 | D:3      | Noticed Ijyb
  3017 | D:3      | Killed Ijyb
  3209 | D:3      | Reached XP level 7. HP: 36/36 MP: 13/13
  3216 | D:3      | Identified the staff of conjuration "Cyifeon" {rF+ rN+
                  | Dex+3}
  3432 | D:3      | Found a faded altar of an unknown god.
  3520 | D:4      | Reached skill level 5 in Conjurations
  3554 | D:4      | Found a staircase to the Ecumenical Temple.
  3563 | Temple   | Entered the Ecumenical Temple
  3601 | Temple   | Became a worshipper of Vehumet
  3652 | D:4      | Found an opulent altar of Gozag.
  3819 | D:4      | Found a hide-covered altar of Uskayaw.
  3824 | D:4      | Noticed Pikel
  4088 | D:4      | Found a runed translucent door.
  4089 | D:4      | Noticed Crazy Yiuf
  4148 | D:4      | Killed Crazy Yiuf
  4307 | D:4      | Noticed Grinder
  4313 | D:4      | Killed Grinder
  4314 | D:4      | Reached skill level 6 in Conjurations
  4314 | D:4      | Reached XP level 8. HP: 41/41 MP: 13/15
  4585 | D:4      | Killed Pikel
  4586 | D:4      | Reached skill level 5 in Spellcasting
  4586 | D:4      | Reached skill level 7 in Conjurations
  4871 | D:5      | Entered Level 5 of the Dungeon
  5013 | D:5      | Lost mutation: Your body sometimes deteriorates upon taking
                  | damage. [potion of mutation]
  5013 | D:5      | Lost mutation: You have supernaturally acute eyesight.
                  | (SInv) [potion of mutation]
  5013 | D:5      | Lost mutation: You have a pair of small horns on your head.
                  | [potion of mutation]
  5013 | D:5      | Gained mutation: You have sharp fingernails. [potion of
                  | mutation]
  5013 | D:5      | Gained mutation: You are partially covered in large bone
                  | plates. (SH +4) [potion of mutation]
  5022 | D:5      | Reached skill level 1 in Fighting
  5244 | D:5      | Reached XP level 9. HP: 49/49 MP: 16/17
  5412 | D:5      | Reached skill level 8 in Conjurations
  5474 | D:5      | Reached * piety under Vehumet
  5474 | D:5      | Offered knowledge of Kiss of Death by Vehumet.
  5551 | D:5      | Learned a level 4 spell: Petrify
  6202 | D:5      | Found Athoejogh's Jewellery Shoppe.
  6393 | D:6      | Reached ** piety under Vehumet
  6514 | D:6      | Offered knowledge of Shock by Vehumet.
  6659 | D:6      | Learned a level 4 spell: Leda's Liquefaction
  7222 | D:7      | Reached skill level 1 in Armour
  7362 | D:7      | Reached skill level 5 in Fighting
  7790 | D:7      | Reached XP level 10. HP: 60/60 MP: 19/19
  8158 | D:7      | Found a broken altar of Ashenzari.
  8369 | D:7      | Offered knowledge of Volatile Blastmotes by Vehumet.
  8678 | D:8      | Noticed Grum
  8683 | D:8      | Killed Grum
  8684 | D:8      | Reached skill level 9 in Conjurations
  8797 | D:8      | Reached *** piety under Vehumet
  9004 | D:8      | Found a white marble altar of Elyvilon.
  9163 | D:8      | Found Giekh's Antique Weapon Boutique.
  9517 | D:8      | Found a sacrificial altar of Ru.
  9519 | D:8      | Found a bloodstained altar of Trog.
  9519 | D:8      | Found a glowing silver altar of Zin.
  9520 | D:8      | Found a hazy altar of Hepliaklqana.
  9546 | D:8      | Found an iron altar of Okawaru.
  9710 | D:9      | Noticed Maggie
  9712 | D:9      | Noticed a manticore
  9723 | D:9      | Killed Maggie
  9726 | D:9      | Killed a manticore
 10187 | D:9      | Reached XP level 11. HP: 61/68 MP: 20/21
 10187 | D:9      | Offered knowledge of Mephitic Cloud by Vehumet.
 10487 | D:9      | Found a basalt altar of Yredelemnul.
 10596 | D:9      | Noticed a two-headed ogre
 10599 | D:9      | Killed a two-headed ogre
 10634 | D:9      | Found a burning altar of Makhleb.
 10690 | D:9      | Found an ancient bone altar of Kikubaaqudgha.
 10974 | D:9      | Reached skill level 10 in Earth Magic
 11113 | D:5      | Bought the amulet "Tasao" {Spirit Str+2} for 576 gold
                  | pieces
 11378 | D:7      | Reached skill level 5 in Armour
 11466 | D:7      | Found a runed translucent door.
 11482 | D:7      | Noticed a two-headed ogre
 12052 | D:7      | Killed a two-headed ogre
 12147 | D:7      | Reached skill level 10 in Conjurations
 12235 | D:7      | Identified the +7 lajatang of Asob {freeze, rPois rC++
                  | Str-2 Dex+2 SInv}
 12437 | D:10     | Entered Level 10 of the Dungeon
 12448 | D:10     | Found a staircase to the Lair.
 12502 | D:10     | Noticed a soul eater
 12564 | D:10     | Killed a soul eater
 12640 | D:10     | Noticed a two-headed ogre
 12644 | D:10     | Killed a two-headed ogre
 12772 | D:10     | Reached skill level 10 in Fighting
 12865 | D:10     | Found a flagged portal.
 12914 | Bailey   | Entered a bailey
 12941 | Bailey   | Reached **** piety under Vehumet
 13179 | Bailey   | Reached XP level 12. HP: 78/78 MP: 24/24
 13182 | Bailey   | Offered knowledge of Lee's Rapid Deconstruction by Vehumet.
 13191 | Bailey   | Learned a level 5 spell: Lee's Rapid Deconstruction
 13345 | Bailey   | Found a burning altar of Makhleb.
 13358 | Bailey   | Identified the +0 ring mail "Diust" {Str+3 Dex+6 Stlth-}
 14502 | D:10     | Reached ***** piety under Vehumet
 14502 | D:10     | Offered knowledge of Freezing Cloud by Vehumet.
 14633 | D:10     | Found a sparkling altar of Nemelex Xobeh.
 14932 | Lair:1   | Entered Level 1 of the Lair of Beasts
 14962 | Lair:1   | Reached skill level 11 in Conjurations
 15840 | Lair:1   | Noticed Joseph
 15848 | Lair:1   | Killed Joseph
 15938 | Lair:1   | Reached XP level 13. HP: 80/86 MP: 26/26
 15991 | Lair:1   | Found a runed translucent gate.
 15993 | Lair:1   | Found a runed translucent gate.
 15994 | Lair:1   | Found a runed translucent gate.
 15994 | Lair:1   | Identified the +0 ring mail of the Gusle {rElec Regen+
                  | Str-5}
 16006 | Lair:1   | Noticed a minotaur
 16007 | Lair:1   | Noticed MuseOD's ghost (journeyman GrFi)
 16104 | Lair:1   | Killed MuseOD's ghost
 16228 | Lair:1   | Killed a minotaur
 17528 | Lair:2   | Reached skill level 10 in Spellcasting
 17713 | Lair:2   | Found a staircase to the Snake Pit.
 18433 | Lair:3   | Reached skill level 5 in Stealth
 18890 | Lair:3   | Reached skill level 12 in Conjurations
 19643 | Lair:2   | Gained mutation: Your large and strong wings let you fly.
                  | [Gargoyle growth]
 19643 | Lair:2   | Reached XP level 14. HP: 94/94 MP: 20/29
 20218 | Lair:3   | Found a staircase to the Shoals.
 20476 | Lair:3   | Got the Atlas of Misfortune
 21509 | Lair:4   | Offered knowledge of Iron Shot by Vehumet.
 21517 | Lair:4   | Learned a level 6 spell: Iron Shot
 21804 | Lair:4   | Noticed Sonja
 21811 | Lair:4   | Killed Sonja
 22747 | D:11     | Found a staircase to the Orcish Mines.
 23989 | Orc:1    | Entered Level 1 of the Orcish Mines
 24319 | Orc:1    | Found a dark tunnel.
 24348 | Volcano  | Entered a volcano
 24672 | Volcano  | Noticed a stone giant
 24676 | Volcano  | Killed a stone giant
 25461 | Orc:2    | Entered Level 2 of the Orcish Mines
 26573 | Orc:2    | Offered knowledge of Arcjolt by Vehumet.
 26862 | Orc:2    | Noticed Jorgrun
 26927 | Orc:2    | Found Uwulo's Distillery.
 26927 | Orc:2    | Found Koly's Distillery.
 26928 | Orc:2    | Found Lutifatt's Book Boutique.
 26932 | Orc:2    | Found Lydanide's Assorted Antiques.
 26937 | Orc:2    | Bought a manual of Fighting for 1200 gold pieces
 26942 | Orc:2    | Bought a glowing orb for 252 gold pieces
 26975 | Orc:2    | Killed Jorgrun
 27117 | Orc:2    | Reached skill level 15 in Spellcasting
 27191 | Orc:2    | Found a staircase to the Elven Halls.
 27444 | Orc:2    | Bought a potion of heal wounds for 70 gold pieces
 27576 | Lair:5   | Entered Level 5 of the Lair of Beasts
 27576 | Lair:5   | Found a runed translucent door.
 27576 | Lair:5   | Found a viscous altar of Jiyva.
 27576 | Lair:5   | Found a staircase to the Slime Pits.
 27853 | Lair:5   | Reached XP level 15. HP: 101/101 MP: 33/34
 27972 | Lair:5   | Reached skill level 15 in Fighting
 29097 | Lair:5   | Identified the +9 short sword "Uboaffodgh" {venom, *Corrode
                  | rPois Str+9 Int-2}
 29495 | Lair:5   | Offered knowledge of Irradiate by Vehumet.
 29667 | Lair:5   | Reached skill level 1 in Transmutations
 29794 | Lair:5   | Reached skill level 13 in Conjurations
 30321 | D:12     | Found a radiant altar of Vehumet.
 31565 | D:13     | Found a gate to the Vaults.
 32425 | D:13     | Reached XP level 16. HP: 112/112 MP: 30/36
 32526 | D:14     | Found Tydisar's Weapon Boutique.
 32872 | D:14     | Found an opulent altar of Gozag.
 32939 | D:14     | Reached skill level 1 in Shields
 33393 | D:15     | Entered Level 15 of the Dungeon
 33776 | D:15     | Noticed an azure jelly
 33783 | D:15     | Killed an azure jelly
 33783 | Abyss:2  | Found a corrupted altar of Lugonu.
 33783 | Abyss:2  | Cast into level 2 of the Abyss (a wizard)
 33863 | Abyss:2  | Offered knowledge of Spellforged Servitor by Vehumet.
 33872 | Abyss:2  | Reached skill level 14 in Conjurations
 34042 | Abyss:2  | Found a corrupted altar of Lugonu.
 34187 | Abyss:2  | Noticed a bone dragon
 34204 | Abyss:2  | Killed a bone dragon
 34354 | Abyss:2  | Noticed a bone dragon
 34364 | Abyss:2  | Killed a bone dragon
 34496 | Abyss:2  | Noticed a tentacled starspawn
 34499 | Abyss:2  | Noticed a tentacled starspawn
 34509 | Abyss:2  | Killed a tentacled starspawn
 34509 | Abyss:2  | Noticed a lich
 34517 | Abyss:2  | Killed a tentacled starspawn
 34524 | Abyss:2  | Killed a lich
 34560 | Abyss:2  | Found a corrupted altar of Lugonu.
 34654 | Abyss:2  | Noticed an Executioner
 34660 | Abyss:2  | Killed an Executioner
 34800 | D:15     | Escaped the Abyss
 35012 | D:15     | Reached skill level 15 in Earth Magic
 35424 | D:15     | Found Murghu's Book Emporium.
 35930 | D:15     | Found a staircase to the Depths.
 36150 | Snake:1  | Entered Level 1 of the Snake Pit
 36439 | Snake:1  | Offered knowledge of Eringya's Noxious Bog by Vehumet.
 36441 | Snake:1  | Reached XP level 17. HP: 119/119 MP: 10/37
 36885 | Snake:1  | Reached skill level 15 in Conjurations
 37251 | Snake:1  | Noticed Asterion
 37261 | Snake:1  | Killed Asterion
 37612 | Snake:1  | Found an opulent altar of Gozag.
 39137 | Snake:2  | Found a runed translucent gate.
 39137 | Snake:2  | Found a runed translucent gate.
 39138 | Snake:2  | Found a runed translucent gate.
 39140 | Snake:2  | Noticed Ciageutz's ghost (journeyman GnHW)
 40144 | Shoals:1 | Entered Level 1 of the Shoals
 40232 | Shoals:1 | Offered knowledge of Ozocubu's Refrigeration by Vehumet.
 40431 | Shoals:1 | Reached skill level 10 in Stealth
 41050 | Shoals:1 | Noticed a kraken
 41062 | Shoals:1 | Killed a kraken
 41145 | Shoals:1 | Found a runed translucent gate.
 41145 | Shoals:1 | Found a runed translucent gate.
 41146 | Shoals:1 | Found a runed translucent gate.
 41154 | Shoals:1 | Noticed Wecaes's ghost (journeyman HOFE)
 41154 | Shoals:1 | Noticed Wecaes's ghost (journeyman HOFE)
 41155 | Shoals:1 | Noticed Kaerusk's ghost (adept KoBe)
 41156 | Shoals:1 | Noticed cpf86's ghost (journeyman DjFE)
 41156 | Shoals:1 | Noticed Mango's ghost (adept FoGl)
 41161 | Shoals:1 | Found the ring of Shadows {Umbra +Inv Stlth+}
 41627 | Shoals:1 | Killed Kaerusk's ghost
 41647 | Shoals:1 | Killed Wecaes's ghost
 41775 | Shoals:1 | Got Ova Aluo's Incunable of Metallic Space
 41884 | Shoals:1 | Killed Mango's ghost
 41968 | Shoals:1 | Killed cpf86's ghost
 42083 | Shoals:1 | Killed Wecaes's ghost
 42782 | Shoals:2 | Reached XP level 18. HP: 120/128 MP: 7/39
 43080 | Shoals:2 | Reached skill level 10 in Armour
 44385 | Snake:2  | Killed Ciageutz's ghost
 44862 | Snake:3  | Found Focw's General Store.
 45791 | Snake:4  | Entered Level 4 of the Snake Pit
 46690 | Snake:4  | Identified the +0 chain mail of Hairiness {Contam rC+ Int+3
                  | Slay+3}
 46701 | Snake:4  | Found a transporter.
 46710 | Snake:4  | Found a transporter.
 46725 | Snake:4  | Noticed a hellephant
 46737 | Snake:4  | Reached skill level 16 in Conjurations
 47230 | Snake:3  | Bought a scroll of teleportation for 51 gold pieces
 47353 | Snake:4  | Reached skill level 5 in Dodging
 47454 | Snake:4  | Noticed a quicksilver dragon
 47454 | Snake:4  | Noticed a quicksilver dragon
 47459 | Snake:4  | Killed a quicksilver dragon
 47463 | Snake:4  | Killed a quicksilver dragon
 47591 | Snake:4  | Got a serpentine rune of Zot
 47693 | Snake:4  | Found Cookhluf's Magic Scroll Shop.
 47702 | Snake:4  | Bought a scroll of teleportation for 45 gold pieces
 47702 | Snake:4  | Bought a scroll of blinking for 112 gold pieces
 47867 | Shoals:3 | Reached ****** piety under Vehumet
 48914 | Shoals:4 | Entered Level 4 of the Shoals
 49435 | Shoals:4 | Got a barnacled rune of Zot
 49779 | Shoals:4 | Reached XP level 19. HP: 133/133 MP: 40/40
 49827 | Shoals:4 | Learned a level 5 spell: Iskenderun's Battlesphere
 50056 | Shoals:4 | Found Soulih's Book Shoppe.
 50245 | Shoals:4 | Bought a book of Annihilations for 780 gold pieces
 50842 | Shoals:4 | Learned a level 9 spell: Shatter
 51216 | Vaults:1 | Entered Level 1 of the Vaults
 51228 | D:13     | Offered knowledge of Lehudib's Crystal Spear by Vehumet.
 51228 | D:13     | Offered knowledge of Maxwell's Capacitive Coupling by
                  | Vehumet.
 54197 | Vaults:2 | Found a flickering gateway to a bazaar.
 54203 | Bazaar   | Entered a bazaar
 54217 | Bazaar   | Found Defu's Assorted Antiques.
 54233 | Bazaar   | Found Veivew's General Store.
 54233 | Bazaar   | Found Vetihif's Assorted Antiques.
 54268 | Bazaar   | Found Rajun's Antique Armour Emporium.
 54268 | Bazaar   | Found Cosel's Armour Shoppe.
 54279 | Bazaar   | Bought a crude helmet for 275 gold pieces
 54279 | Bazaar   | Identified the +2 helmet of Resourcefulness {Regen+ Str-3
                  | Stlth+} (You bought it in a shop in a bazaar)
 54373 | Vaults:2 | Found a crumbling gateway.
 54380 | Desolati | Entered the Desolation of Salt
 54478 | Desolati | Identified the +9 scale mail "Xoalouf" {Drain Str+4}
 54758 | Desolati | Got the Secrets of Limned Turbulence
 54773 | Desolati | Identified the ring "Damnable Contraption" {rCorr AC+4}
 54952 | Desolati | Reached XP level 20. HP: 103/139 MP: 3/41
 55825 | Desolati | Identified the ring "Maga" {MP+9 Int+4}
 55866 | Desolati | Identified the ring of Qusic {rN+ Slay+2 Stlth+}
 56369 | Vaults:2 | Noticed Sojobo
 56382 | Vaults:2 | Paralysed by an air elemental for 1 turns
 56923 | Vaults:2 | Identified the +1 scale mail of Okawaru's Favour {*Corrode
                  | rN+ Str+6}
 57315 | Vaults:2 | Killed Sojobo
 58260 | Vaults:3 | Found a staircase to the Crypt.
 60912 | Depths:1 | Entered Level 1 of the Depths
 60952 | Depths:1 | Found a one-way gate to the infinite horrors of the Abyss.
 61017 | Depths:1 | Reached XP level 21. HP: 144/144 MP: 38/42
 61945 | Depths:1 | Found a gateway to Hell.
 62182 | Depths:1 | Found a one-way gate leading to the halls of Pandemonium.
 62911 | Depths:2 | Learned a level 8 spell: Lehudib's Crystal Spear
 62916 | Depths:2 | Found Solue's General Store.
 62923 | Depths:2 | Bought a potion of heal wounds for 95 gold pieces
 62923 | Depths:2 | Bought a potion of curing for 57 gold pieces
 63356 | Depths:2 | Reached skill level 17 in Conjurations
 63474 | Depths:2 | Noticed a juggernaut
 63477 | Depths:2 | Killed a juggernaut
 64254 | Depths:2 | Noticed a golden dragon
 64256 | Depths:2 | Killed a golden dragon
 64261 | Depths:2 | Reached skill level 18 in Conjurations
 64432 | Depths:2 | Noticed a caustic shrike
 64441 | Depths:2 | Killed a caustic shrike
 64445 | Depths:2 | Noticed a golden dragon
 64447 | Depths:2 | Killed a golden dragon
 65026 | Depths:2 | Reached XP level 22. HP: 150/150 MP: 40/44
 65302 | Depths:2 | You are sucked into a shaft and drop 1 floor!
 65306 | Depths:3 | Found a one-way gateway to a ziggurat.
 65615 | Depths:2 | Found a portal to a secret trove of treasure.
 66189 | Elf:1    | Entered Level 1 of the Elven Halls
 66978 | Elf:1    | Reached skill level 19 in Conjurations
 69949 | Elf:2    | Found Baaforog's Armour Shoppe.
 70146 | Elf:2    | Found a runed translucent gate.
 70147 | Elf:2    | Found a runed translucent gate.
 70147 | Elf:2    | Found a runed translucent gate.
 70399 | D:5      | Bought the amulet "Wykaj" {RegenMP Will+ Int+4 Dex+2} for
                  | 772 gold pieces
 70866 | Snake:4  | Noticed Sagen's ghost (adept DrCj)
 70870 | Snake:4  | Killed Sagen's ghost
 70893 | Snake:4  | Got Lugonu's Tractate on Transportation
 71644 | Vaults:4 | Found Mewnir's Antique Armour Shop.
 71877 | Vaults:4 | Reached XP level 23. HP: 153/155 MP: 46/46
 72516 | Vaults:5 | Entered Level 5 of the Vaults
 72518 | Vaults:5 | Reached skill level 20 in Conjurations
 72526 | Vaults:5 | Noticed a dread lich
 72528 | Vaults:5 | Killed a dread lich
 72529 | Vaults:5 | Noticed an ancient lich
 72531 | Vaults:5 | Killed an ancient lich
 72532 | Vaults:5 | Noticed a dread lich
 72534 | Vaults:5 | Killed a dread lich
 72534 | Vaults:5 | Noticed an ancient lich
 72537 | Vaults:5 | Killed an ancient lich
 72537 | Vaults:5 | Identified the ring of the Firefly {Will+ Int+2}
 72970 | Vaults:5 | Found the ring of the Mage {Wiz Archmagi}
 72976 | Vaults:5 | Got a silver rune of Zot
 73056 | Vaults:5 | Identified the ring "Eplokaud" {Fire *Slow rN+ rCorr Int+2}
 73095 | Vaults:5 | Noticed a dread lich
 73098 | Vaults:5 | Reached XP level 24. HP: 160/160 MP: 47/47
 73098 | Vaults:5 | Killed a dread lich
 73608 | Vaults:5 | Identified the +4 short sword "Wecsur" {venom, Str+2 Dex+2}
 73709 | Vaults:5 | Identified the +8 long sword of Cowardice {pain, Int+3
                  | Dex+2 Stlth+}
 74980 | Elf:3    | Entered Level 3 of the Elven Halls
 75340 | Elf:3    | Reached skill level 15 in Stealth
 75357 | Elf:3    | Reached skill level 21 in Conjurations
 75440 | Elf:3    | Identified the ring "Poseimit" {Contam +Blink Fly Int+4
                  | SInv}
 75543 | Elf:3    | Identified the +0 chain mail "Ohuc" {SInv}
 75543 | Elf:3    | Identified the ring "Haulir" {+Blink AC+4 Str+3 Int+5}
 76130 | Elf:3    | Found the +18 shield of the Gong {Loud rN+ Will+ rCorr
                  | EV-5}
 76133 | Elf:3    | Identified the staff of air "Gump" {rElec rN+ rCorr}
 76142 | Elf:3    | Identified the staff of cold "Letic" {rF++ rC+ Stlth+}
 76147 | Elf:3    | Identified the staff of death "Fofrocs" {rN+ Stlth+}
 76165 | Elf:3    | Identified the +1 flail "Ogreslayer" {freeze, rElec Dex+4}
 76169 | Elf:3    | Identified the +1 war axe of Doom {freeze, rF+ Str+6}
 76185 | Elf:3    | Identified the +6 falchion of Perfectionism {venom, Will+
                  | Str+4}
 76271 | Elf:3    | Reached skill level 5 in Shields
 77017 | Depths:3 | Reached skill level 10 in Shields
 77023 | Depths:3 | Identified the ring of the Ban {Ice rElec Will+ Int+3}
 77023 | Depths:3 | Noticed Josephina
 77027 | Depths:3 | Killed Josephina
 77035 | Depths:3 | Reached XP level 25. HP: 166/166 MP: 5/48
 77421 | Depths:3 | Noticed Saint Roka
 77421 | Depths:3 | Identified the ring "Suntu" {rN++ Will- Int+2 SInv}
 77425 | Depths:3 | Killed Saint Roka
 77438 | Depths:3 | Noticed Boris
 77445 | Depths:3 | Killed Boris
 77669 | Depths:3 | Reached skill level 15 in Shields
 77834 | Depths:3 | Noticed Vv
 77842 | Depths:3 | Killed Vv
 78447 | Depths:4 | Entered Level 4 of the Depths
 78447 | Depths:4 | Found an iron altar of Okawaru.
 78625 | Depths:4 | Noticed Boris
 78633 | Depths:4 | Killed Boris
 78864 | Depths:4 | Noticed Louise
 78876 | Depths:4 | Killed Louise
 79027 | Depths:4 | Found a gate to the Realm of Zot.
 79404 | Depths:4 | Found Lutoog's Book Emporium.
 79513 | Zot:1    | Entered Level 1 of the Realm of Zot
 80694 | Zot:2    | Reached XP level 26. HP: 172/172 MP: 26/48
 81203 | Zot:2    | Noticed an ancient lich
 81207 | Zot:2    | Killed an ancient lich
 81215 | Zot:2    | Noticed an ancient lich
 81235 | Zot:2    | Killed an ancient lich
 81243 | Zot:2    | Noticed a dread lich
 81246 | Zot:2    | Noticed Muataran's ghost (veteran MiMo)
 81250 | Zot:2    | Killed a dread lich
 81812 | Zot:2    | Killed Muataran's ghost
 81888 | Zot:2    | Found a runed translucent gate.
 81895 | Zot:2    | Found an ancient bone altar of Kikubaaqudgha.
 81895 | Zot:2    | Found a runed translucent gate.
 81895 | Zot:2    | Found a runed translucent gate.
 81905 | Zot:2    | Identified the amulet of Perfectionism {Spirit Fly rF-
                  | Str+4 Dex+2}
 81911 | Zot:2    | Identified the +1 pair of gloves of Brilliance {Int+4}
 81926 | Zot:2    | Got Kikubaaqudgha's Tome of Abhorrent Magic
 81962 | Zot:2    | Noticed Jofris Vesimp's ghost (legendary GnFE)
 81974 | Zot:2    | Killed Jofris Vesimp's ghost
 82537 | Zot:3    | Noticed a Killer Klown
 83196 | Zot:3    | Killed a Killer Klown
 83417 | Zot:3    | Reached skill level 10 in Dodging
 84695 | Zot:4    | Reached skill level 22 in Conjurations
 84708 | Zot:4    | Reached XP level 27. HP: 137/177 MP: 22/48
 84807 | Zot:4    | Reached skill level 15 in Armour
 85546 | Zot:5    | Entered Level 5 of the Realm of Zot
 85978 | Zot:5    | Gained mutation: You have hidden genetic defects.
                  | [mutagenic glow]
 85980 | Zot:5    | Noticed a dread lich
 85986 | Zot:5    | Killed a dread lich
 85986 | Zot:5    | Noticed an orb of fire
 85986 | Zot:5    | Gained mutation: You are clumsy. (Dex -2) [an orb of fire]
 85989 | Zot:5    | Gained mutation: You are weak. (Str -2) [mutagenic glow]
 85999 | Zot:5    | Killed an orb of fire
 85999 | Zot:5    | Gained mutation: You occasionally lose the ability to read
                  | scrolls when taking damage. [mutagenic glow]
 86086 | Zot:5    | Lost mutation: You are clumsy. (Dex -2) [potion of
                  | mutation]
 86086 | Zot:5    | Lost mutation: You occasionally lose the ability to read
                  | scrolls when taking damage. [potion of mutation]
 86086 | Zot:5    | Lost mutation: You have sharp fingernails. [potion of
                  | mutation]
 86086 | Zot:5    | Gained mutation: You have sharp toenails. [potion of
                  | mutation]
 86086 | Zot:5    | Lost mutation: You have sharp toenails. [potion of
                  | mutation]
 86164 | Zot:5    | Noticed an orb of fire
 86166 | Zot:5    | Gained mutation: You are frail. (-10% HP) [an orb of fire]
 86168 | Zot:5    | Gained mutation: You occasionally lose the ability to drink
                  | potions when taking damage. [an orb of fire]
 86170 | Zot:5    | Killed an orb of fire
 86172 | Zot:5    | Noticed an ancient lich
 86176 | Zot:5    | Killed an ancient lich
 86352 | Zot:5    | Killed a dread lich
 86352 | Zot:5    | Noticed an orb of fire
 86360 | Zot:5    | Killed an orb of fire
 86372 | Zot:5    | Gained mutation: Your magical capacity is low. (-10% MP)
                  | [hidden defects]
 86378 | Zot:4    | Lost mutation: You occasionally lose the ability to drink
                  | potions when taking damage. [potion of mutation]
 86378 | Zot:4    | Lost mutation: Your magical capacity is low. (-10% MP)
                  | [potion of mutation]
 86378 | Zot:4    | Gained mutation: You are very weak. (Str -4) [potion of
                  | mutation]
 86379 | Zot:4    | Lost mutation: You have hidden genetic defects. [potion of
                  | mutation]
 86379 | Zot:4    | Lost mutation: You are very weak. (Str -4) [potion of
                  | mutation]
 86379 | Zot:4    | Lost mutation: You are partially covered in large bone
                  | plates. (SH +4) [potion of mutation]
 86379 | Zot:4    | Lost mutation: You are weak. (Str -2) [potion of mutation]
 86379 | Zot:4    | Gained mutation: Your body sometimes deteriorates upon
                  | taking damage. [potion of mutation]
 86379 | Zot:4    | Gained mutation: Your natural rate of healing is unusually
                  | fast. [potion of mutation]
 86380 | Zot:4    | Lost mutation: You are frail. (-10% HP) [potion of
                  | mutation]
 86380 | Zot:4    | Lost mutation: Your body sometimes deteriorates upon taking
                  | damage. [potion of mutation]
 86380 | Zot:4    | Gained mutation: You have large cloven feet. [potion of
                  | mutation]
 86380 | Zot:4    | Gained mutation: You have hoof-like feet. [potion of
                  | mutation]
 86399 | Zot:5    | Noticed an orb of fire
 86404 | Zot:5    | Gained mutation: You occasionally lose the ability to read
                  | scrolls when taking damage. [an orb of fire]
 86405 | Zot:5    | Noticed an orb of fire
 86474 | Zot:5    | Killed an orb of fire
 86478 | Zot:5    | Killed an orb of fire
 86616 | Zot:5    | Noticed an orb of fire
 86618 | Zot:5    | Gained mutation: You are robust. (+10% HP) [mutagenic glow]
 86620 | Zot:5    | Lost mutation: You are robust. (+10% HP) [an orb of fire]
 86621 | Zot:5    | Killed an orb of fire
 86626 | Zot:5    | Gained mutation: You have sharp fingernails. [mutagenic
                  | glow]
 86643 | Zot:5    | Gained mutation: You are frail. (-10% HP) [mutagenic glow]
 86724 | Zot:5    | Lost mutation: You occasionally lose the ability to read
                  | scrolls when taking damage. [potion of mutation]
 86724 | Zot:5    | Lost mutation: You have hoof-like feet. [potion of
                  | mutation]
 86724 | Zot:5    | Lost mutation: You have sharp fingernails. [potion of
                  | mutation]
 86724 | Zot:5    | Gained mutation: Your body sometimes deteriorates upon
                  | taking damage. [potion of mutation]
 86724 | Zot:5    | Gained mutation: You occasionally lose the ability to read
                  | scrolls when taking damage. [potion of mutation]
 86724 | Zot:5    | Gained mutation: You have hoof-like feet. [potion of
                  | mutation]
 86725 | Zot:5    | Lost mutation: You are frail. (-10% HP) [potion of
                  | mutation]
 86725 | Zot:5    | Lost mutation: Your natural rate of healing is unusually
                  | fast. [potion of mutation]
 86725 | Zot:5    | Gained mutation: Your spells are a little harder to cast,
                  | but a little more powerful. [potion of mutation]
 86725 | Zot:5    | Gained mutation: You have a pair of small antennae on your
                  | head. [potion of mutation]
 86725 | Zot:5    | Gained mutation: You expend magic power (3 MP) to
                  | strengthen your wands. [potion of mutation]
 86798 | Zot:5    | Reached skill level 23 in Conjurations
 87990 | Pan      | Entered Pandemonium
 88160 | Pan      | Noticed Lecel the pandemonium lord
 88173 | Pan      | Killed Lecel the pandemonium lord
 88206 | Pan      | Gained mutation: Potions are less effective at restoring
                  | your health. [a neqoxec]
 88981 | Pan      | Entered the realm of Lom Lobon.
 89227 | Pan      | Noticed Lom Lobon
 90032 | Pan      | Killed Lom Lobon
 90104 | Pan      | Got a magical rune of Zot
 90227 | Pan      | Entered the realm of Cerebov.
 90284 | Pan      | Reached skill level 24 in Conjurations
 90352 | Pan      | Found the +6 sword of Cerebov {flame}
 90352 | Pan      | Noticed Cerebov
 90364 | Pan      | Killed Cerebov
 90685 | Pan      | Got a fiery rune of Zot
 90830 | Pan      | Got the Teachings on Oromancy and the Morgue
 90885 | Pan      | Identified the ring "Ceurayho" {rC- rN+ Str+4 Dex+4}
 90929 | Pan      | Identified the staff of air "Neaze" {rElec rF++ Will- Str-2
                  | Stlth+}
 90940 | Pan      | Got the Folio of Baneful Energy
 90977 | Pan      | Entered the realm of Gloorx Vloq.
 91004 | Pan      | Noticed Gloorx Vloq
 91028 | Pan      | Killed Gloorx Vloq
 91186 | Pan      | Got a dark rune of Zot
 92369 | Pan      | Found an exit through the horrors of the Abyss.
 92436 | Pan      | Gained mutation: You are partially covered in iridescent
                  | scales. (AC +2) [a cacodemon]
 92448 | Pan      | Gained mutation: Your body often deteriorates upon taking
                  | damage. [a cacodemon]
 92463 | Pan      | Noticed Domummat the pandemonium lord
 92546 | Pan      | Entered the realm of Mnoleg.
 92554 | Pan      | Gained mutation: You are frail. (-10% HP) [a neqoxec]
 92558 | Pan      | Gained mutation: Armour fits poorly on your strangely
                  | shaped body. [a neqoxec]
 92584 | Pan      | Gained mutation: You are very frail. (-20% HP) [a
                  | cacodemon]
 92586 | Pan      | Gained mutation: You occasionally lose the ability to drink
                  | potions when taking damage. [a cacodemon]
 92590 | Pan      | Gained mutation: You are weak. (Str -2) [a cacodemon]
 92598 | Pan      | Noticed Mnoleg
 92613 | Pan      | Gained mutation: You sometimes lose the ability to read
                  | scrolls when taking damage. [a cacodemon]
 92616 | Pan      | Reached skill level 25 in Conjurations
 92618 | Pan      | Gained mutation: You sometimes lose the ability to drink
                  | potions when taking damage. [a cacodemon]
 92629 | Pan      | Gained mutation: You are dopey. (Int -2) [a neqoxec]
 92631 | Pan      | Gained mutation: Potions cannot restore your health. [a
                  | cacodemon]
 92633 | Pan      | Gained mutation: You are very weak. (Str -4) [a cacodemon]
 92636 | Pan      | Gained mutation: Your magical capacity is low. (-10% MP) [a
                  | neqoxec]
 92885 | Pan      | Lost mutation: You have hoof-like feet. [potion of
                  | mutation]
 92885 | Pan      | Lost mutation: You are partially covered in iridescent
                  | scales. (AC +2) [potion of mutation]
 92885 | Pan      | Lost mutation: You are dopey. (Int -2) [potion of mutation]
 92895 | Pan      | Lost mutation: Your spells are a little harder to cast, but
                  | a little more powerful. [a cacodemon]
 92905 | Pan      | Gained mutation: You are extremely frail. (-30% HP) [a
                  | cacodemon]
 92980 | Pan      | Killed Mnoleg
 92997 | Pan      | Got a glowing rune of Zot
 93241 | Pan      | Found a runed translucent door.
 93413 | Pan      | Found an exit through the horrors of the Abyss.
 93498 | Pan      | Took an exit into the Abyss.
 93498 | Abyss:3  | Escaped into the Abyss
 93498 | Abyss:3  | Found a corrupted altar of Lugonu.
 93642 | Depths:1 | Escaped the Abyss
 93941 | Depths:1 | Voluntarily entered the Abyss.
 94055 | Abyss:3  | Found a corrupted altar of Lugonu.
 94075 | Abyss:3  | Found a transporter.
 94162 | Abyss:3  | Found a transporter.
 94178 | Abyss:3  | Found a transporter.
 94179 | Abyss:3  | Got an abyssal rune of Zot
 94208 | Depths:1 | Escaped the Abyss
 94466 | Slime:1  | Entered Level 1 of the Pits of Slime
 94749 | Slime:1  | You are sucked into a shaft and drop 1 floor!
 96220 | Slime:5  | Entered Level 5 of the Pits of Slime
 96695 | Slime:5  | Noticed the Royal Jelly
 96703 | Slime:5  | Killed the Royal Jelly
 97017 | Slime:5  | Identified the +5 ring mail of Patterns {rElec rPois rC++
                  | Dex-5}
 97019 | Slime:5  | Got a slimy rune of Zot
 97102 | Slime:5  | Got Naonunt's Commentary on Felsic Illusion
 97128 | Slime:5  | Identified the staff of poison "Owiejovu" {rPois rF- rC+
                  | Str+2}
 97408 | Slime:5  | Lost mutation: Your body often deteriorates upon taking
                  | damage. [potion of mutation]
 97408 | Slime:5  | Lost mutation: You have large cloven feet. [potion of
                  | mutation]
 97408 | Slime:5  | Lost mutation: You are extremely frail. (-30% HP) [potion
                  | of mutation]
 97408 | Slime:5  | Lost mutation: Your magical capacity is low. (-10% MP)
                  | [potion of mutation]
 97409 | Slime:5  | Lost mutation: You have a pair of small antennae on your
                  | head. [potion of mutation]
 97409 | Slime:5  | Lost mutation: You sometimes lose the ability to drink
                  | potions when taking damage. [potion of mutation]
 97409 | Slime:5  | Lost mutation: You sometimes lose the ability to read
                  | scrolls when taking damage. [potion of mutation]
 97409 | Slime:5  | Gained mutation: Your mind is acute. (Int +4, Str/Dex -1)
                  | [potion of mutation]
 97763 | Pan      | Entered Pandemonium
 97855 | Pan      | Noticed Suchipp the pandemonium lord
 97856 | Pan      | Reached skill level 26 in Conjurations
 97859 | Pan      | Killed Suchipp the pandemonium lord
 97880 | Pan      | Got a demonic rune of Zot
 98120 | Pan      | Found an exit through the horrors of the Abyss.
 98130 | Pan      | Took an exit into the Abyss.
 98130 | Abyss:3  | Escaped into the Abyss
 98138 | Abyss:3  | Found a corrupted altar of Lugonu.
 98164 | Abyss:3  | Paralysed by accursed screaming for 1 turns
 98200 | Depths:1 | Escaped the Abyss
 98530 | Hell     | Entered the Vestibule of Hell
 98531 | Hell     | Noticed Geryon
 98538 | Hell     | Killed Geryon
 98544 | Depths:1 | Gained mutation: You sometimes lose the ability to drink
                  | potions when taking damage. [a cacodemon]
 98871 | Hell     | Found a gateway to the decaying netherworld of Tartarus.
 98879 | Tar:1    | Entered Level 1 of Tartarus
 99096 | Hell     | Found a gateway to the freezing wastes of Cocytus.
 99481 | Depths:2 | You paid a toll of a +6 demon trident to enter a treasure
                  | trove
 99482 | Trove    | Entered a treasure trove
 99486 | Trove    | Identified the +2 hat of Claustrophobia {rF+ rCorr Str+5}
 99489 | Trove    | Identified the +1 hat of Anitirott {rC- Will+++ Dex+3}
 99496 | Trove    | Identified the amulet of Idealism {Regen+ Str+2}
 99515 | Trove    | Identified the ring of Goproogh {Ice rN+ Will+ Int+4}
 99526 | Trove    | Identified the ring of Qocrong {rElec rC- Str+5 Int+4
                  | Dex+6}
 99534 | Trove    | Identified the ring "Adum" {rPois rCorr Dex+2}
 99543 | Trove    | Identified the ring of Uxtyo {rN++ EV+5 Dex+3}
 99549 | Trove    | Identified the ring of the Harvest {rPois Str+2}
 99638 | Hell     | Found a gateway to the Iron City of Dis.
 99661 | Coc:1    | Entered Level 1 of Cocytus
 99675 | Coc:1    | Noticed an ancient lich
 99677 | Coc:1    | Killed an ancient lich
 99739 | Coc:3    | Paralysed by a wendigo for 1 turns
100196 | Coc:6    | Reached skill level 27 in Conjurations
100715 | Coc:7    | Entered Level 7 of Cocytus
101552 | Coc:7    | Noticed Antaeus
101561 | Coc:7    | Killed Antaeus
101576 | Coc:7    | Got an icy rune of Zot
101797 | Dis:1    | Entered Level 1 of the Iron City of Dis
101932 | Dis:2    | Gained mutation: Your spells are a little easier to cast,
                  | but a little less powerful. [a cacodemon]
101935 | Dis:2    | Noticed a dread lich
102179 | Dis:2    | Killed a dread lich
102207 | Dis:3    | Reached skill level 15 in Dodging
102587 | Dis:5    | HP: 6/144 [iron giant/quicksilver elemental (19)]
103796 | Dis:7    | Entered Level 7 of the Iron City of Dis
104231 | Hell     | HP: 1/144 [caustic shrike (14)]
104231 | Hell     | Splashed by a caustic shrike's acid

Illustrated notes

Levels and vault maps discovered:
D:1:      shiori_arrival_oz, layout_loops_ring
D:2:      layout_basic, uniq_robin
D:3:      minmay_octagon_keep, layout_basic,
          mainiacjoe_overflow_surrounded_room, gup_sewer_entry_bubbles,
          dilly_ecumenical_altar_fadedgnrine, uniq_ijyb
D:4:      layout_gridville, overflow_temple_1_default, kennysheep_little_box,
          minmay_temple_entry_ruins, serial_glass, glass_columns_a,
          glass_columns_b, kennysheep_generic_room_11, uniq_crazy_yiuf_cottage,
          uniq_pikel, uniq_grinder
D:5:      corexii_shack_village, layout_basic, serial_shops, shop,
          minmay_manual_mares
D:6:      layout_basic, minmay_misc_feat_five
D:7:      minmay_the_grid_triangle_9x9_rhombus_full
          [minmay_the_grid_triangle_9x9_corrupted_corridor,
          minmay_the_grid_triangle_9x9_zippers_horizontal,
          minmay_the_grid_triangle_9x9_pentomino_pain,
          minmay_the_grid_triangle_9x9_negative_grid,
          minmay_the_grid_triangle_9x9_minimal,
          minmay_the_grid_triangle_9x9_subtriangle,
          minmay_the_grid_triangle_9x9_zippers_vertical,
          minmay_the_grid_triangle_9x9_prize_top_heavy], layout_gridville,
          cheibrodos_ashenzari_chains, minmay_misc_feat_rows, worms_lemuel
D:8:      layout_gridville, nicolae_elyvilon_peaceful_grove, minitemple,
          serial_shops, shop, hangedman_decor_peaks_small, dk_noncrumbling_4,
          uniq_grum
D:9:      layout_long_grid, mainiacjoe_overflow_alcove_1, marbit_many_paths,
          tgw_kikubaaqudgha, minmay_ruffians, uniq_maggie
D:10:     layout_stronghold, mainiacjoe_overflow_alcove_4,
          due_lair_maze_entry_diamond, enter_bailey_2, serial_demonic,
          serial_demonic_b, serial_demonic_g, serial_demonic_b,
          serial_demonic_c, serial_demonic_d, serial_demonic_f, serial_demonic_c
D:11:     layout_loops_ring, david_orc_5, st_stairs_2
D:12:     layout_roguey, serial_rivers, chequers_serial_rivers_small_3,
          chequers_serial_rivers_room_a, chequers_serial_rivers_marsh,
          chequers_serial_rivers_large_b, chequers_serial_rivers_micro_b,
          chequers_serial_rivers_micro_a, drop_trap, nicolae_vehumet_radiance
D:13:     layout_roguey, skrybe_vaults_entry_preservation, eino_jars
D:14:     layout_cave_pools, nicolae_gozag_seed_capital, serial_shops,
          nicolae_shop_advertising_works [nicolae_subvault_shop_adworks]
D:15:     hangedman_depths_entry_civil_slaughter, layout_cave_pools,
          serial_shops, nicolae_book_shop_shelving
Temple:   nicolae_temple_godpark
Lair:1:   layout_concentric_octagons, maelrawn_ghost_gauntlet_escape,
          uniq_joseph
Lair:2:   layout_long_grid, minmay_snake_entry_guardpost_medium,
          grunt_megastairs_5
Lair:3:   layout_regular_city, minmay_shoals_entry_beasts, st_stairs_3,
          minivault_23, grunt_megastairs_2
Lair:4:   layout_small_grid, uniq_sonja
Lair:5:   hangedman_lair_in_review, layout_cave_shapes, slime_entry_2
Shoals:1: layout_shoals, gammafunk_ghost_cemetery, nzn_prometheus_bound
Shoals:2: layout_shoals, abandoned_shop, argonaut_gorgonesque
Shoals:3: layout_shoals
Shoals:4: shoals_end_grunt_garden, layout_shoals, serial_shops,
          nicolae_diamond_shop
Snake:1:  layout_layer_cave, basic_altar, uniq_asterion
Snake:2:  layout_onion_interference, gammafunk_ghost_necromancy,
          serial_bayou_lagoon_b
Snake:3:  layout_onion_interference, serial_shops, nicolae_take_the_stairs
Snake:4:  hellmonk_snake_rune_quicksilver_temple, layout_onion_interference,
          serial_shops, shop, gammafunk_ghost_abyssal_escape
Slime:1:  layout_caves
Slime:2:  layout_caves
Slime:3:  layout_caves
Slime:4:  layout_caves
Slime:5
Orc:1:    layout_caves, basic_altar, lightli_volcano_entry_magma_tube
Orc:2:    st_orc_mages, layout_caves, uniq_jorgrun
Elf:1:    layout_geoelf_diagonals, hangedman_elven_crosses_minicolossus
Elf:2:    nicolae_elf_blades_crystal_corner, layout_loops_corners, serial_shops,
          nicolae_shop_tiny_statue_garden, corexii_checkpoint_a
Elf:3:    minmay_elf_hall_statues, layout_loops_corners, drop_trap
Vaults:1: ontoclasm_vaults_tryst, hangedman_vaults_nails,
          vaults_room_stairs_pillars, nicolae_vaults_shrinking_rooms_1,
          nicolae_vaults_angled_halls, hangedman_vaults_nodes,
          nicolae_vaults_network_square, hangedman_vaults_capsules,
          vaults_mumra_chevron, v_alt_pattern_2, v_misc_24,
          nicolae_vaults_two_Ls, vaults_dpeg_doors,
          nicolae_vaults_double_plus_2, nicolae_vaults_double_plus_1,
          layout_vaults_maze
Vaults:2: portal_desolation_entry_nicolae_slug, nicolae_vaults_octothorpe,
          vaults_room_semicircle, vaults_room_large_hall,
          hangedman_vaults_restitches, nicolae_vaults_house_1, vaults_mumra_lcd,
          nicolae_vaults_little_squares_6, ontoclasm_vaults_loading_screen,
          ontoclasm_vaults_eye, layout_vaults_big_cross, serial_shops,
          bzr_entry_road, uniq_sojobo
Vaults:3: nicolae_vaults_variable_pillar_hall, nicolae_vaults_little_ls,
          nicolae_vaults_mitosis, minmay_crypt_entry_simple_box,
          nicolae_vaults_border_crossing, hangedman_vaults_slither,
          vaults_standard_mumra_enter_the_diamond,
          nicolae_vaults_heart-shaped_vault, nicolae_vaults_closet_pinwheel_5,
          nicolae_vaults_rhombus_5, layout_vaults_ring
Vaults:4: nicolae_vaults_tangram_2, ontoclasm_vaults_pinch, v_misc_28,
          ontoclasm_vaults_twist, v_misc_27, v_misc_5, v_rooms_6,
          nicolae_vaults_antechamber_and_loot_room,
          hangedman_vaults_stretched_pinwheel, v_misc_24,
          nicolae_vaults_diagonal_hallway_6, nicolae_vaults_theta,
          nicolae_vaults_storage_closets_2, nicolae_vaults_tetromino_Z_1,
          nicolae_vaults_hexular_roomagon, nicolae_vaults_storage_room_doors,
          layout_vaults_omnibox, serial_shops, shop
Vaults:5: serial_shops
Depths:1: layout_gridville, grunt_pan_entry_in_and_out, hell_entry,
          minmay_room_of_horrors, serial_bayou, serial_bayou_pond_a,
          serial_bayou_pond_b, serial_bayou_crossing, serial_bayou_pond_b,
          kennysheep_generic_room_4
Depths:2: nzn_winding_woodlands_large [nzn_winding_woodlands_5x5_default,
          nzn_winding_woodlands_5x15_split_checker,
          nzn_winding_woodlands_5x5_checkerboard,
          nzn_winding_woodlands_center_pierced_h,
          nzn_winding_woodlands_15x15_thick_spiral,
          nzn_winding_woodlands_center_lodge, nzn_winding_woodlands_5x5_default,
          nzn_winding_woodlands_5x15_cabin,
          nzn_winding_woodlands_5x5_perimeter], layout_gridlike, serial_shops,
          nicolae_shop_statue_plus, grunt_pan_entry_spiral,
          nicolae_trove_entry_diagonal, hell_entry, serial_co_window_serial,
          co_window_paths_a, co_window_paths_a, co_window_paths_a,
          co_window_cross_1, co_window_paths_b, co_window_corner_cb,
          co_window_corner_b, co_window_2corner, co_window_paths_c,
          glass_columns_a, glass_columns_a, glass_columns_c, grunt_ministairs_1
Depths:3: minmay_spiral_squares, layout_gridville, enter_ziggurat_e,
          chequers_serial_rivers_small_b, grunt_mini_vestibule, abyss_entry,
          minivault_16, uniq_josephina, uniq_vv, uniq_saint_roka, uniq_boris
Depths:4: grunt_zot_entry_funnels, layout_cave_pools, serial_shops, shop_statue,
          serial_column_ruins, column_ruins_hut, column_ruins_columns_corner,
          column_ruins_open_tiny, column_ruins_open_small_water,
          column_ruins_open_small_water, column_ruins_columns_straight,
          hell_entry, okawaru_ov_weapons_minmay,
          nicolae_abyss_entry_one_way_or_another, minmay_variable_closet,
          dispersion_dpeg
Hell
Dis:1:    hangedman_dis_monolith, layout_regular_city
Dis:2:    nicolae_hells_demon_pit, layout_gridville
Dis:3:    layout_overlapping_boxes
Dis:4:    layout_jigsaw
Dis:5:    layout_regular_city
Dis:6:    layout_jigsaw
Dis:7:    dis_st
Coc:1:    layout_ice_bergs
Coc:2:    layout_ice_bergs
Coc:3:    layout_ice_bergs
Coc:4:    nicolae_coc_through_the_icewall, layout_cocytus_water_paths
Coc:5:    layout_cocytus_water_paths
Coc:6:    layout_cocytus_water_paths
Coc:7:    coc_dpeg
Tar:1:    layout_catacombs, nicolae_tar_cuneiform_two
Zot:1:    layout_misc_corridors
Zot:2:    layout_gridlike, gammafunk_ghost_crypt, hangedman_zot_decor_tridents,
          bh_zot_ikea_curve
Zot:3:    lemuel_firehouse, layout_concentric_octagons
Zot:4:    layout_basic, grunt_megastairs_1
Zot:5:    layout_misc_corridors

Skill      XL: |  1  2  3  4  5  6  7  8  9 10 11 12 13 14 15 16 17 18 19 20 21 22 23 24 25 26 27 |
---------------+----------------------------------------------------------------------------------+-----
Earth Magic    | 4 5 6 7 8 9 10 11 12 13 14 15 16 17 20 24 25 26 | 26.9
Conjurations   | 1 2 3 4 6 7 8 9 10 11 12 13 14 15 16 18 19 20 21 22 27 | 27.0
Spellcasting   | 3 4 5 6 7 8 9 11 15 16 17 18 19 20 21 26 | 26.9
Fighting       | 2 5 8 10 12 13 14 16 17 19 20 | 20.7
Armour         | 2 4 6 7 8 9 11 12 13 14 20 | 20.6
Stealth        | 6 7 8 10 12 13 14 15 16 22 | 22.3
Transmutations | 2 |  2.0
Shields        | 4 11 21 23 | 23.0
Dodging        | 3 6 7 8 9 10 15 | 15.4

Action                     |  1- 3 |  4- 6 |  7- 9 | 10-12 | 13-15 | 16-18 | 19-21 | 22-24 | 25-27 || total
---------------------------+-------+-------+-------+-------+-------+-------+-------+-------+-------++-------
  Melee: Rapier            |     2 |       |       |       |       |       |       |       |       ||     2
         Staff             |       |     2 |     1 |     2 |    18 |    26 |    67 |    78 |   200 ||   394
         Headbutt          |       |     1 |       |       |       |       |       |       |       ||     1
   Cast: Sandblast         |    41 |    95 |    44 |     4 |       |       |       |       |       ||   184
         Stone Arrow       |       |       |   111 |   351 |   534 |   105 |    13 |       |       ||  1114
         Passwall          |       |       |     1 |     2 |     6 |     5 |     3 |       |     8 ||    25
         Iron Shot         |       |       |       |       |   283 |   621 |   579 |       |       ||  1483
         Leda's Liquefacti |       |       |       |       |     1 |       |       |       |       ||     1
         Iskenderun's Batt |       |       |       |       |       |       |    38 |     1 |     2 ||    41
         Lehudib's Crystal |       |       |       |       |       |       |    99 |   397 |  1045 ||  1541
         Shatter           |       |       |       |       |       |       |       |    76 |   344 ||   420
         Petrify           |       |       |       |       |       |       |       |       |     4 ||     4
  Evoke: Wand              |       |       |       |     2 |     3 |    18 |    34 |       |    16 ||    73
         Horn of Geryon    |       |       |       |       |       |       |       |       |     1 ||     1
    Use: Scroll            |     2 |     4 |     4 |     7 |     8 |     8 |     8 |     2 |    19 ||    62
         Potion            |     1 |     7 |     1 |     2 |     2 |     5 |       |     3 |    34 ||    55
 Armour: Robe              |     5 |    12 |    20 |     7 |       |       |       |       |   386 ||   430
         Animal skin       |       |       |       |     3 |       |       |       |       |       ||     3
         Swamp dragon scal |       |       |       |    68 |   195 |       |       |       |       ||   263
         Scale mail        |       |       |       |       |    15 |       |       |       |       ||    15
         Acid dragon scale |       |       |       |       |    14 |   245 |   386 |   194 |    12 ||   851
  Dodge: Dodged            |     7 |    27 |    31 |   121 |   276 |   221 |   353 |   104 |   218 ||  1358
  Block: Other             |       |       |     8 |    46 |    46 |       |       |       |       ||   100
         Orb               |       |       |       |       |    25 |    61 |    72 |    29 |       ||   187
         Kite shield       |       |       |       |       |       |       |       |    26 |  1155 ||  1181
